 Dungeon Crawl Stone Soup version 0.30-a0-852-g08b95dd62f (webtiles) character file.

Game seed: 5877650529841369483

1814 dolemite99 the Skirmisher (level 8, -9/62 HPs)
             Began as a Minotaur Hunter on Mar 4, 2023.
             Mangled by an ice beast (13 damage)
             ... on level 6 of the Dungeon.
             The game lasted 00:13:57 (6431 turns).

dolemite99 the Skirmisher (Minotaur Hunter)         Turns: 6431, Time: 00:13:58

Health: -9/62      AC:  6    Str: 16    XL:     8   Next: 84%
Magic:  7/7        EV: 12    Int:  6    God:
Gold:   153        SH:  0    Dex: 16    Spells: 7/7 levels left

rFire   . . .      SeeInvis .    a - +1 shortbow (freeze)
rCold   . . .      Faith    .    (shield currently unavailable)
rNeg    . . .      Spirit   .    k - +1 leather armour {rPois}
rPois   +          Reflect  .    (helmet restricted)
rElec   .          Rampage  .    i - +1 cloak
rCorr   .                        (no gloves)
Will    .....                    (no boots)
Stlth   +                        (no amulet)
HPRegen 0.30/turn                (no ring)
MPRegen 0.10/turn                (no ring)

@: confused, hasted, very quick
A: horns 2, retaliatory headbutt
a: no special abilities


You were on level 6 of the Dungeon.
You visited 1 branch of the dungeon, and saw 6 of its levels.
You also visited: Ossuary.

You collected 358 gold pieces.
You spent 205 gold pieces at shops.

Inventory:

Hand Weapons
 a - a +1 shortbow of freezing (weapon)
 t - a +0 morningstar
 y - a +0 trident of venom
Missiles
 j - 7 poisoned darts
 v - 2 throwing nets
Armour
 c - a +0 leather armour
 i - a +1 cloak (worn)
 k - a +1 leather armour of poison resistance (worn)
 l - a +0 robe of willpower
 n - a +0 pair of gloves
Jewellery
 h - a ring of magical power
 r - a ring of protection from fire
Wands
 w - a wand of flame (14)
 x - a wand of quicksilver (5)
Scrolls
 b - 2 scrolls of immolation
 d - 2 scrolls of poison
 f - 2 scrolls of vulnerability
Potions
 e - a potion of attraction
 g - 2 potions of brilliance
 o - 2 potions of haste
 p - a potion of might {unknown}
 s - a potion of lignification {unknown}
 u - 4 potions of flight


   Skills:
 - Level 2.4 Fighting
 + Level 13.1 Ranged Weapons
 - Level 2.1 Dodging
 - Level 0.7 Stealth


You had 7 spell levels left.
You didn't know any spells.
Your spell library contained the following spells:

 Spells                   Type           Power      Damage    Failure   Level
 Necrotise                Necr           0%         1d4       52%         1
 Summon Small Mammal      Summ           0%         N/A       52%         1
 Call Canine Familiar     Summ           0%         N/A       88%         3
 Summon Guardian Golem    Hex/Summ       0%         N/A       88%         3
 Vampiric Draining        Necr           0%         2d6       88%         3
 Agony                    Necr           0%         N/A       100%        5


Dungeon Overview and Level Annotations

Branches:
Dungeon (6/15)            Ossuary (visited)
 Temple: D:4-7

Altars:
Okawaru
Wu Jian

Shops:
D:1 :   D:3 [   D:5 (


Innate Abilities, Weirdness & Mutations

You have a pair of horns on your head.
You reflexively headbutt those who attack you in melee.


Message History

Fire: a) +1 shortbow (freeze)
Press: ? - help, Q - select action, (/) - cycle Shift-Dir - straight line, f/p - wight
Aim: a wight, wielding a +0 scimitar and wearing a +0 robe (severely damaged, unable to see you, 68% to hit)
You shoot an arrow. The arrow closely misses the wight.
The arrow hits the wight.
The wight is severely damaged.
Unknown command.
You flicker for a moment.
A scorpion and a sleepcap come into view.
You flicker back into view.
An orc comes into view. It is wielding a +0 flail.
An orc wizard and a shadow imp come into view.
Your extra speed is starting to run out.
The orc shouts!
The orc wizard shouts!
The shadow imp shouts!
You hear a shout!
An orc comes into view. It is wielding a +3 mace.
The scorpion closely misses you. You furiously retaliate!
You headbutt the scorpion.
An orc comes into view. It is wielding a +0 dagger.
An iguana comes into view.
The orc barely misses you. You furiously retaliate!
You headbutt the orc!
You kill the orc!
The orc moves out of view.
You shoot an arrow. The arrow closely misses the orc.
The iguana hisses angrily.
The orc closely misses you.
An ice beast comes into view.
The orc wizard gestures at you while chanting.
You are confused.
You feel yourself slow down.
You bump into the rock wall.
The scorpion stings you.
* * * LOW HITPOINT WARNING * * *
An adder comes into view.
You feel yourself speed up. The scorpion closely misses you.
The iguana bites you!
* * * LOW HITPOINT WARNING * * *
The ice beast hits you.
* * * LOW HITPOINT WARNING * * *
The ice beast freezes you!
You die...

#########
##.#.#.#.#.#.#
#.............
###.#.#@#.#.#.
#....oslY...S..
#.#.#5#o#.#.#.#
#............
#.#.#.#.#.#.#
#)..f.z.......
#.#.#.#z#.#.#.#
#....z.........
#
#.#.#.#.#.#.#.
.#


You could see an ice beast, a scorpion, an iguana, 2 wights, an orc wizard, an
adder, a shadow imp and an orc.

Vanquished Creatures
  Grinder (D:4)
  Menkaure (D:4)
  An acid dragon (D:5)
  A water moccasin (D:5)
  2 black bears
  An ice beast (D:5)
  An ogre (D:6)
  2 elf zombies (D:4)
  A kobold brigand (D:5)
  Blork the orc (D:5)
  An elf skeleton (D:4)
  A scorpion (D:5)
  2 wights (D:6)
  A centaur zombie (Ossuary)
  A hound (D:5)
  An orc priest (D:4)
  A sleepcap (D:5)
  Ijyb (D:4)
  4 iguanas
  2 mummies (Ossuary)
  5 gnolls (D:6)
  3 adders
  An adder zombie (Ossuary)
  2 dart slugs
  16 orcs
  5 endoplasms
  3 giant cockroaches
  4 goblins
  8 hobgoblins
  3 jackals (D:1)
  5 quokkas
  2 ball pythons
  4 bats
  3 frilled lizards
  2 goblin zombies (Ossuary)
  8 hobgoblin zombies (Ossuary)
  A jackal zombie (Ossuary)
  10 kobolds
  14 kobold zombies (Ossuary)
  An orc skeleton (D:4)
  8 orc zombies
  7 rats
  4 rat zombies (Ossuary)
146 creatures vanquished.

Notes
Turn   | Place    | Note
-------+----------+-------------------------------------------
     0 | D:1      | dolemite99 the Minotaur Hunter began the quest for the Orb.
     0 | D:1      | Reached XP level 1. HP: 18/18 MP: 0/0
   120 | D:1      | Reached XP level 2. HP: 24/25 MP: 1/1
   125 | D:1      | Reached skill level 5 in Ranged Weapons
   301 | D:1      | You fall into a shaft and drop 1 floor!
   325 | D:1      | Found a faded altar of an unknown god.
   327 | D:1      | Found Plog's Book Shop.
   748 | D:2      | Reached XP level 3. HP: 30/30 MP: 2/2
  1497 | D:3      | Found Utetosm's Armour Shop.
  1505 | D:3      | Bought a +1 leather armour of poison resistance for 121
                  | gold pieces
  1505 | D:3      | Bought a +0 robe of willpower for 84 gold pieces
  1838 | D:3      | Reached skill level 6 in Ranged Weapons
  1854 | D:3      | Noticed a black bear
  1864 | D:3      | HP: 1/30 [black bear (7)]
  1865 | D:3      | Killed a black bear
  1866 | D:3      | Reached skill level 7 in Ranged Weapons
  1866 | D:3      | Reached XP level 4. HP: 2/37 MP: 3/3
  1866 | D:3      | Reached XP level 5. HP: 2/42 MP: 4/4
  2776 | D:4      | Found a sand-covered staircase.
  2788 | D:4      | Reached skill level 8 in Ranged Weapons
  2788 | D:4      | Reached XP level 6. HP: 30/50 MP: 5/5
  2921 | Ossuary  | Entered an ossuary
  3222 | Ossuary  | Reached skill level 9 in Ranged Weapons
  3580 | D:4      | Found an iron altar of Okawaru.
  3682 | D:4      | Noticed Menkaure
  3727 | D:4      | Reached XP level 7. HP: 39/56 MP: 6/6
  3737 | D:4      | Killed Menkaure
  3819 | D:4      | Noticed Grinder
  3833 | D:4      | Killed Grinder
  3834 | D:4      | Reached skill level 10 in Ranged Weapons
  4183 | D:4      | Noticed Ijyb
  4206 | D:4      | Killed Ijyb
  4707 | D:5      | Entered Level 5 of the Dungeon
  4733 | D:5      | Found Paxtax's Weapon Boutique.
  4850 | D:5      | Noticed Blork the orc
  4860 | D:5      | Killed Blork the orc
  4861 | D:5      | Reached skill level 11 in Ranged Weapons
  4941 | D:5      | Reached XP level 8. HP: 42/62 MP: 7/7
  5318 | D:5      | Found an ornate altar of the Wu Jian Council.
  5553 | D:5      | Reached skill level 12 in Ranged Weapons
  6382 | D:6      | Reached skill level 13 in Ranged Weapons
  6431 | D:6      | Mangled by an ice beast

Illustrated notes

Levels and vault maps discovered:
D:1:      minmay_arrival_four_loops, layout_basic,
          ebering_ecumenical_altar_abandoned, serial_shops, shop
D:2:      layout_basic
D:3:      layout_basic, serial_shops, nicolae_shop_waterfront
D:4:      layout_loops_ring, hellmonk_okawaru_the_only_friend_you_need,
          nicolae_ossuary_entry_catacombs, uniq_ijyb, uniq_menkaure,
          uniq_grinder
D:5:      layout_basic, nicolae_wu_jian_immortal_techniques, serial_shops,
          shop_statue, uniq_blork_the_orc
D:6:      layout_rooms, mainiacjoe_overflow_boulevard, serial_bayou,
          serial_bayou_ford_a, serial_bayou_pond_a, serial_bayou_pond_e,
          serial_bayou_pond_a, minmay_misc_feat_columns, st_stairs_11,
          nrook_campfire

Skill      XL: |  1  2  3  4  5  6  7  8 |
---------------+-------------------------+-----
Ranged Weapons | 5 7 8 9 11 13 | 13.1
Fighting       | |  2.4
Dodging        | |  2.1
Stealth        | |  0.7

Action                     |  1- 3 |  4- 6 |  7- 9 || total
---------------------------+-------+-------+-------++-------
   Fire: Shortbow          |   130 |   188 |   170 ||   488
    Use: Scroll            |     6 |     3 |     7 ||    16
         Potion            |     1 |       |     7 ||     8
 Armour: Leather armour    |    21 |    28 |    17 ||    66
         Skin              |     1 |       |       ||     1
  Dodge: Dodged            |    41 |    65 |    76 ||   182

Table legend: (Time is in decaauts)
 A = Elapsed time spent in this place.
 B = Non-inter-level travel time spent in this place.
 C = Inter-level travel time spent in this place.
 D = Time resting spent in this place.
 E = Time spent auto-exploring this place.
 F = Levels seen in this place.
 G = Mean time per level.
                   A        B        C        D        E       F      G
               +--------+--------+--------+--------+--------+-----+--------+
         Total |   6465 |   6254 |    211 |   2259 |   2738 |   7 |  923.6 |
       Dungeon |   5987 |   5776 |    211 |   2243 |   2557 |   6 |  997.8 |
       Ossuary |    478 |    478 |      0 |     16 |    181 |   1 |  478.0 |
               +--------+--------+--------+--------+--------+-----+--------+

Top non-repeatable levels by time:
     D:4: 1630 daAuts
     D:5: 1603 daAuts
     D:3: 1326 daAuts
     D:2: 797 daAuts
     D:1: 531 daAuts
 Ossuary: 478 daAuts
     D:6: 98 daAuts
